 Seeded DCSS version 0.29.1-1-gd02db6906a (webtiles) character file.

Game seed: 4030536004999934454 (custom seed)

7 CInkIbrahim the Slasher (level 2, 13/17 HPs)
             Began as a Gargoyle Gladiator on Oct 16, 2022.
             Quit the game on level 1 of the Dungeon.
             The game lasted 00:00:20 (177 turns).

CInkIbrahim the Slasher (Gargoyle Gladiator)         Turns: 177, Time: 00:00:21

Health: 13/17      AC:  6    Str: 17    XL:     2   Next: 0%
Magic:  2/2        EV: 12    Int:  8    God:
Gold:   18         SH:  0    Dex: 11    Spells: 1/1 levels left

rFire   . . .      SeeInvis .   a - +0 long sword
rCold   . . .      Faith    .   (no shield)
rNeg    + . .      Spirit   .   b - +0 leather armour
rPois   ∞          Reflect  .   c - +0 helmet
rElec   +          Harm     .   (no cloak)
rCorr   .          Rampage  .   (no gloves)
Will    .....                   (no boots)
Stlth   +.........              (no amulet)
HPRegen 0.05/turn               (no ring)
MPRegen 0.08/turn               (no ring)

@: no status effects
A: sickness immunity, AC +2, negative energy resistance 1, electricity
resistance, torment resistance 1, petrification resistance
a: no special abilities


You were on level 1 of the Dungeon.
You visited 1 branch of the dungeon, and saw 1 of its levels.

You collected 18 gold pieces.

Inventory:

Hand Weapons
 a - a +0 long sword (weapon)
Missiles
 d - 3 throwing nets (quivered)
 e - a javelin
Armour
 b - a +0 leather armour (worn)
 c - a +0 helmet (worn)
Scrolls
 g - a scroll of acquirement
Potions
 f - a potion of haste {unknown}


   Skills:
 - Level 2.1 Fighting
 + Level 3.1 Long Blades
 - Level 1.7 Throwing
 - Level 2.4 Dodging


You had one spell level left.
You didn't know any spells.
Your spell library was empty.

Dungeon Overview and Level Annotations

Branches:
Dungeon (1/15)

Altars:


Innate Abilities, Weirdness & Mutations

You are immune to sickness and miasma.
Your stone body is resilient. (AC +2)
You are immune to poison.
You resist negative energy. (rN+)
You are resistant to electric shocks. (rElec)
You are resistant to unholy torment.
You are immune to petrification.


Message History

You hit the dart slug.
The dart slug is lightly wounded.
The dart slug launches a dart at you. The slug dart hits you.
A dart slug is nearby!
You slash the dart slug!
You kill the dart slug!
Your Long Blades skill increases to level 3!
HP restored.
You now have 18 gold pieces (gained 13).
A giant cockroach comes into view.
Found 2 scrolls labelled IRI QITRIX RIW.
Found a stone staircase leading down.
A giant cockroach is nearby!
A giant cockroach is nearby!
Found a scroll labelled LELIFI GIPS.
The giant cockroach bites you. The giant cockroach misses you.
A giant cockroach is nearby!
You hit the giant cockroach but do no damage.
The giant cockroach bites you but does no damage.
A giant cockroach is nearby!
You closely miss the giant cockroach. The giant cockroach closely misses you.
The giant cockroach bites you.
A giant cockroach is nearby!
You closely miss the giant cockroach. The giant cockroach closely misses you.
A giant cockroach is nearby!
You hit the giant cockroach.
The giant cockroach is heavily wounded.
The giant cockroach closely misses you. The giant cockroach barely misses you.
A giant cockroach is nearby!
You slash the giant cockroach!
You kill the giant cockroach!
You have reached level 2!
You see here a giant cockroach corpse.
g - 2 scrolls labelled IRI QITRIX RIW No target in view!
Number of times to repeat, then command key: 13 This is a scroll of acquirement!
Something appears at your feet!
Are you sure you want to abandon this character and quit the game? (Confirm with "yes".)

....##...#.#.###
⌠..###..........
..######........ #
>##............. .
###.####.####### ##.#
............# .#.#
......#.###.# ...
###.#.#.###.#####.#.#.##
#.#.#......†..@......#
#.#.#####.#.......#..#
#.#.# #.#.###.### #.#.#
#.#.# .# #.#.# #.#?# .#
..#.# #.#.# .# #>#.# .#
#.#.# .#


There were no monsters in sight!

Vanquished Creatures
  A dart slug (D:1)
  A giant cockroach (D:1)
  A quokka (D:1)
  A frilled lizard (D:1)
  A rat (D:1)
5 creatures vanquished.

Notes
Turn   | Place    | Note
-------+----------+-------------------------------------------
     0 | D:1      | CInkIbrahim the Gargoyle Gladiator began the quest for the
                  | Orb.
     0 | D:1      | Reached XP level 1. HP: 12/12 MP: 1/1
    45 | D:1      | Reached skill level 3 in Long Blades
   102 | D:1      | Reached XP level 2. HP: 10/17 MP: 2/2
   176 | D:1      | Identified 2 scrolls of acquirement
   176 | D:1      | Acquired 874 gold pieces
   177 | D:1      | Quit the game

Illustrated notes

Levels and vault maps discovered:
D:1:      dpeg_arrival_leaves_temple_mockup, layout_basic, interstate_on_off

Skill      XL: |  1 |
---------------+----+-----
Long Blades    | 3 |  3.1
Fighting       | |  2.1
Throwing       | |  1.7
Dodging        | |  2.4

Action                   || total
-------------------------++-------
Melee: Long sword        ||    13
  Use: Scroll            ||     1
Armor: Leather armour    ||     3
Dodge: Dodged            ||     9
